 Dungeon Crawl Stone Soup version 0.29.0-11-gd7f09526c8 (webtiles) character file.

Game seed: 3469712585929948092

6 leavemydog the Conjurer (level 1, 0/10 HPs)
             Began as a Deep Elf Conjurer on Sept 3, 2022.
             Slain by a jackal (1 damage)
             ... on level 1 of the Dungeon.
             The game lasted 00:00:23 (148 turns).

leavemydog the Conjurer (Deep Elf Conjurer)          Turns: 148, Time: 00:00:23

Health: 0/10       AC:  2    Str:  4    XL:     1   Next: 75%
Magic:  1/6        EV: 12    Int: 22    God:
Gold:   0          SH:  0    Dex: 13    Spells: 5/6 levels left

rFire   . . .      SeeInvis .   (no weapon)
rCold   . . .      Faith    .   (no shield)
rNeg    . . .      Spirit   .   a - +0 robe
rPois   .          Reflect  .   (no helmet)
rElec   .          Harm     .   (no cloak)
rCorr   .          Rampage  .   (no gloves)
Will    .....                   (no boots)
Stlth   ++........              (no amulet)
HPRegen 0.03/turn               (no ring)
MPRegen 0.10/turn               (no ring)

@: no status effects
A: no striking features
a: no special abilities


You were on level 1 of the Dungeon.
You visited 1 branch of the dungeon, and saw 1 of its levels.

Inventory:

Armour
 a - a +0 robe (worn)
Scrolls
 c - a scroll of amnesia {unknown}
 f - a scroll of immolation {unknown}
Potions
 b - a potion of magic
 d - 2 potions of might {unknown}
 e - 2 potions of degeneration {unknown}


   Skills:
 - Level 2.4 Dodging
 - Level 2.4 Stealth
 + Level 3.1 Spellcasting
 + Level 4.7 Conjurations


You had 5 spell levels left.
You knew the following spells:

 Your Spells              Type           Power      Damage    Failure   Level
a - Magic Dart            Conj           96%        1d7       1%          1

Your spell library contained the following spells:

 Spells                   Type           Power      Damage    Failure   Level
 Searing Ray              Conj           48%        2d6       2%          2
 Dazzling Flash           Conj/Hex       26%        N/A       14%         3
 Fulminant Prism          Conj/Hex       6%         3d7       43%         4
 Iskenderun's Mystic Bla  Conj/Tloc      13%        2d5       43%         4


Dungeon Overview and Level Annotations

Branches:
Dungeon (1/15)

Altars:


Message History

You are out of magic!
You are out of magic!
You are out of magic!
Your magical contamination has completely faded away.
Found a scroll labelled ALOB UL BAD.
The jackal closely misses you. The jackal attacks as you move away!
The jackal bites you but does no damage.
The jackal misses you. The jackal attacks as you move away!
The jackal barely misses you. x2
You see here a scroll labelled ALOB UL BAD.
f - a scroll labelled ALOB UL BAD The jackal bites you but does no damage.
The jackal misses you. The jackal barely misses you.
The jackal attacks as you move away! The jackal bites you.
The jackal misses you.
You open the door. The jackal barely misses you.
The magic dart hits the jackal but does no damage.
The jackal bites you.
Casting: Magic Dart (safe; 1% risk of failure)
Confirm with . or Enter, or press ? or * to list all spells.
Aiming: Magic Dart (safe; 1% risk of failure)
Press: ? - help, Shift-Dir - straight line, f/p - jackal
Aim: a jackal (100% to hit)
The magic dart hits the jackal.
The jackal is moderately wounded.
The jackal barely misses you. The jackal bites you.
There is an open door here.
The jackal closely misses you. The jackal attacks as you move away!
The jackal bites you.
* * * LOW HITPOINT WARNING * * *
The jackal bites you but does no damage.
The jackal attacks as you move away!
The jackal bites you but does no damage.
The jackal bites you.
* * * LOW HITPOINT WARNING * * *
The jackal attacks as you move away! The jackal bites you.
* * * LOW HITPOINT WARNING * * *
The jackal bites you.
You die...

########### ### #########
#.@.......# ##.## ## ~~≈≈≈≈≈
##h..#####.###.#†### .## ≈≈~~~
##..#.# #.##.###.>. <.### ~≈~
###r.†#.# #...## ##..
....###~###.....#.# #..#.###.##
#.....#'#.....###.#####..##.#.##
##...........## #........###.##
###.....h.### #.##.###.# ###
###...### ###.##.###.#


You could see 2 jackals and a rat.

Vanquished Creatures
  A ball python (D:1)
  2 jackals (D:1)
  A bat (D:1)
  A frilled lizard (D:1)
  A rat (D:1)
6 creatures vanquished.

Notes
Turn   | Place    | Note
-------+----------+-------------------------------------------
     0 | D:1      | leavemydog the Deep Elf Conjurer began the quest for the
                  | Orb.
     0 | D:1      | Reached XP level 1. HP: 10/10 MP: 6/6
   148 | D:1      | Slain by a jackal

Illustrated notes

Levels and vault maps discovered:
D:1:      evilmike_arrival_crescent, layout_loops_ring, hex_tiny

Action                   || total
-------------------------++-------
 Cast: Magic Dart        ||    10
Armor: Robe              ||     4
Dodge: Dodged            ||    11
